Map: Thunderbird LE

Players

HeroMarine - Winner!

  • Race: Terran Terran
  • League: Grandmaster
  • Spawn Location: 5:00

llllllllllll (GuMiho)

  • Race: Terran Terran
  • League: Master
  • Spawn Location: 11:00

Event: 2019 Assembly Summer

VOD

Have the link to the VOD?

Description

Time

  • Played on: Aug. 2, 2019, 11:25 a.m.
  • Length: 11:27

All games in this series

Show
View Real Time Build Order
Export as new Build Order

HeroMarine Terran - Winner!

Build Orders: Gas First Reaper Expand 

Get SALT Encoding   

  12  0:00  SCV  
  13  0:12  SCV  
  14  0:16  Supply Depot  
  14  0:25  SCV  
  14  0:27  Refinery  
  15  0:38  SCV  
  16  0:43  Barracks  
  16  0:50  SCV  
  17  1:02  SCV  
  18  1:14  SCV  
  19  1:31  Reaper, Orbital Command  
  20  1:45  Command Center  
  20  1:55  Factory  
  20  1:58  SCV  
  21  2:05  Barracks Reactor  
  21  2:10  Supply Depot  
  21  2:12  SCV  
  22  2:18  Refinery  
  22  2:24  SCV  
  23  2:36  SCV  
  24  2:40  Marine x2  
  24  2:41  Starport  
  26  2:48  Widow Mine, SCV  
  29  2:58  Marine x2  
  29  3:00  SCV  
  29  3:01  Orbital Command  
  32  3:10  Factory Tech Lab  
  33  3:12  SCV  
  33  3:16  Marine x2  
  33  3:17  Medivac  
  37  3:24  Refinery, SCV  
  37  3:26  SCV  
  39  3:34  Marine  
  39  3:37  SCV  
  39  3:38  SCV  
  39  3:40  Factory Tech Lab  
  43  3:48  Supply Depot  
  43  3:49  SCV  
  43  3:50  SCV  
  43  3:53  Raven  
  46  4:00  Supply Depot  
  46  4:09  Marine x2, Siege Tank, SCV x2  
  53  4:14  Supply Depot  
  53  4:21  SCV  
  53  4:22  SCV  
  55  4:27  Marine x2  
  57  4:34  SCV x2  
  57  4:38  Raven  
  60  4:45  Marine x2  
  62  4:46  SCV x2  
  63  4:53  Supply Depot, Command Center, Refinery  
  63  4:54  Siege Tank  
  63  4:58  SCV x2  
  68  5:02  Marine x2  
  70  5:14  SCV x2  
  70  5:16  Supply Depot  
  72  5:25  Barracks  
  72  5:26  SCV x2  
  72  5:27  Barracks, Siege Tank  
  77  5:36  Stimpack, Marine  
  77  5:38  Viking x2  
  77  5:39  Supply Depot  
  82  5:43  SCV x2  
  84  5:54  Marine  
  84  5:55  SCV  
  86  5:57  SCV  
  86  6:01  Siege Tank  
  88  6:07  SCV x2  
  88  6:09  SCV  
  91  6:12  Barracks Reactor  
  89  6:19  SCV x2  
  89  6:21  SCV  
  89  6:25  Marine, Barracks Reactor  
  92  6:29  Barracks x2  
  92  6:31  SCV  
  89  6:33  Siege Tank  
  89  6:36  SCV  
  89  6:37  Engineering Bay  
  89  6:39  Engineering Bay, Orbital Command  
  92  6:43  Marine, SCV  
  92  6:48  SCV  
  92  6:51  Viking x2  
  95  6:55  SCV  
  95  6:57  Marine  
  95  7:00  SCV  
  93  7:03  Marine  
  93  7:04  Marine  
  93  7:05  Siege Tank, SCV  
  93  7:07  SCV  
  94  7:10  Terran Infantry Armor Level 1, Terran Infantry Weapons Level 1  
  94  7:13  SCV  
  95  7:16  Refinery  
  95  7:17  Refinery, Marauder, SCV  
  95  7:18  Barracks Tech Lab  
  95  7:19  Barracks Tech Lab, SCV  
  95  7:21  Supply Depot  
  99  7:23  Marine x4  
  99  7:25  SCV  
  108  7:32  Medivac x2  
  108  7:36  Supply Depot  
  108  7:37  Combat Shield  
  108  7:40  Command Center  
  108  7:43  SCV x3  
  111  7:45  Supply Depot  
  111  7:47  Supply Depot  
  111  7:48  Marauder x2  
  111  7:50  Marauder  
  117  7:57  Marine x4  
  117  7:58  Supply Depot  
  121  7:59  Supply Depot  
  121  8:02  Viking x2  
  125  8:12  Factory Reactor, Armory, Starport  
  129  8:13  Marauder x2  
  129  8:14  Concussive Shells, Marauder  
  129  8:16  Marine x2  
  129  8:18  Marine x2  
  135  8:23  Supply Depot  
  135  8:33  Marine  
  138  8:34  Marine x2, Marauder  
  138  8:35  Marine, Viking x2, Marauder  
  147  8:43  Marine  
  147  8:47  Starport  
  148  8:51  Marine  
  148  8:55  Marauder, Fusion Core  
  151  8:56  Marauder, SCV x3  
  154  9:06  Viking x4  
  154  9:08  SCV x3  
  165  9:17  Refinery  
  165  9:20  Marauder  
  165  9:22  Refinery  
  171  9:24  Terran Ship Weapons Level 1  
  171  9:25  SCV  
  171  9:28  Starport Tech Lab  
  171  9:30  Planetary Fortress  
  172  9:33  Command Center  
  172  9:39  Viking x3  
  172  9:41  Viking  
  172  9:42  Liberator  
  172  9:45  Marine x4  
  178  9:51  Supply Depot  
  178  9:52  Supply Depot  
  180  9:53  Marine x2  
  180  9:55  Liberator x2  
  180  9:58  Advanced Ballistics  
  185  10:03  Marine x2  
  187  10:09  Liberator x2  
  192  10:24  Liberator  
  192  10:25  Barracks  
  198  10:28  Barracks  
  198  10:35  Command Center  
  186  10:45  Marauder x2  
  186  10:46  Marauder  
  186  10:49  Marine x4  
  184  11:06  Marine  
  184  11:07  Marine x3  
Show
View Real Time Build Order
Export as new Build Order

llllllllllll Terran 

Build Orders: Mech 

Get SALT Encoding   

  12  0:00  SCV  
  13  0:12  SCV  
  14  0:16  Supply Depot  
  14  0:24  SCV  
  15  0:38  SCV  
  15  0:39  Barracks  
  16  0:50  SCV  
  17  1:02  SCV  
  18  1:13  Command Center  
  18  1:15  SCV  
  19  1:26  Marine  
  19  1:29  Orbital Command  
  20  1:34  Refinery  
  20  1:38  Refinery  
  20  1:44  Marine  
  21  1:50  Supply Depot  
  21  1:54  SCV  
  22  2:02  Marine  
  23  2:12  SCV  
  24  2:18  Factory  
  24  2:24  SCV  
  24  2:29  Barracks Reactor  
  22  2:30  Orbital Command  
  25  2:31  Bunker  
  25  2:38  SCV  
  26  2:50  SCV  
  27  2:57  SCV  
  28  3:02  SCV  
  29  3:06  Marine x2, Factory Tech Lab  
  29  3:07  Starport  
  29  3:09  SCV  
  32  3:14  SCV  
  33  3:22  SCV  
  33  3:24  Command Center  
  34  3:30  SCV  
  34  3:34  Marine, SCV  
  36  3:35  Marine, Factory Tech Lab  
  38  3:43  SCV  
  38  3:46  Supply Depot, SCV  
  40  3:49  Raven  
  40  3:54  Cyclone  
  45  3:58  Supply Depot  
  45  3:59  SCV  
  45  4:02  Refinery  
  46  4:03  Refinery  
  46  4:07  Supply Depot  
  46  4:08  SCV  
  47  4:11  Marine, SCV  
  47  4:12  Marine  
  50  4:20  SCV  
  50  4:23  SCV  
  52  4:26  Siege Tank  
  54  4:32  SCV  
  54  4:33  Marine  
  54  4:35  SCV  
  55  4:44  SCV, Orbital Command  
  55  4:47  SCV  
  56  4:57  SCV  
  56  4:58  Viking  
  56  4:59  SCV  
  60  5:00  Factory, Viking  
  60  5:03  Supply Depot, Orbital Command  
  62  5:09  Siege Tank  
  62  5:11  SCV  
  62  5:13  SCV  
  67  5:19  Factory  
  67  5:20  Barracks Reactor  
  67  5:23  SCV  
  67  5:26  SCV  
  69  5:29  SCV  
  69  5:35  Refinery, SCV  
  71  5:38  SCV  
  71  5:40  Refinery  
  71  5:41  Viking, SCV  
  71  5:42  Viking  
  77  5:45  Supply Depot  
  77  5:48  Siege Tank  
  79  5:58  SCV x2  
  79  6:02  SCV  
  80  6:05  Siege Tank  
  80  6:10  SCV x2  
  75  6:21  Siege Tank  
  75  6:22  SCV x2  
  72  6:37  Siege Tank  
  72  6:39  SCV  
  71  6:42  Viking x2  
  71  6:46  SCV  
  76  6:53  Hellion  
  75  6:54  SCV  
  75  6:58  SCV  
  75  7:01  Orbital Command  
  77  7:07  SCV  
  74  7:09  Hellion, Siege Tank  
  74  7:10  Hellion, SCV  
  74  7:15  Siege Tank  
  85  7:19  Armory, SCV  
  85  7:22  Armory, SCV  
  87  7:28  Refinery, SCV  
  88  7:31  Viking x2, SCV  
  88  7:34  Supply Depot  
  88  7:37  Supply Depot  
  93  7:46  Supply Depot  
  93  7:47  Supply Depot  
  93  7:55  SCV x3  
  94  7:59  Siege Tank  
  94  8:00  Siege Tank  
  94  8:04  Supply Depot, Command Center  
  100  8:08  SCV x3  
  103  8:13  Terran Ship Weapons Level 1, Terran Vehicle And Ship Armor Level 1  
  103  8:16  Supply Depot  
  103  8:19  Hellion x2  
  107  8:20  SCV x3  
  110  8:27  Engineering Bay  
  110  8:28  Supply Depot  
  110  8:30  Viking x2  
  110  8:32  SCV x3  
  117  8:38  Siege Tank x2  
  123  8:44  SCV  
  123  8:45  Hellion x2  
  126  8:48  SCV x2  
  127  8:57  Infernal Pre-Igniter, SCV  
  127  9:00  SCV  
  129  9:03  Starport  
  129  9:05  Viking  
  129  9:07  Viking, Starport  
  133  9:11  Missile Turret  
  133  9:16  Missile Turret  
  133  9:18  Liberator  
  133  9:20  Liberator  
  133  9:21  SCV x2  
  133  9:22  Sensor Tower  
  135  9:33  Orbital Command, SCV x2  
  143  9:40  Siege Tank x2  
  143  9:43  Starport Tech Lab x2  
  149  9:49  Hellion x2  
  153  9:58  Command Center  
  153  10:01  Liberator x3, Command Center  
  153  10:02  Orbital Command  
  153  10:04  Missile Turret  
  153  10:06  Missile Turret  
  153  10:07  Missile Turret  
  153  10:09  Missile Turret  
  153  10:17  Orbital Command  
  162  10:42  Siege Tank  
  163  10:48  Viking  
  145  11:08  Refinery  
  145  11:10  Missile Turret  
  151  11:12  Missile Turret  
  151  11:13  Missile Turret  
  151  11:15  Refinery  
Tags
 
Add a new tag
Caveats
  • Supply blocks, unpowered buildings, or Contaminate may cause inaccurate times.
  • Supply counts are checked every 10 seconds.